 Dungeon Crawl Stone Soup version 0.26-a0-1139-g7d2dc893a1 (webtiles) character file.

Game seed: 15154738418416986221

17866 Hipnos the Blocker (level 12, 0/72 HPs)
             Began as a Gargoyle Fighter on Dec 21, 2020.
             Was a Believer of Qazlal.
             Slain by an orc warrior
             ... wielding a +0 halberd
             ... led by an orc warlord
              (8 damage)
             ... on level 1 of the Orcish Mines.
             The game lasted 00:38:51 (12124 turns).

Hipnos the Blocker (Gargoyle Fighter)              Turns: 12124, Time: 00:38:51

Health: 0/72       AC: 23    Str: 30    XL:     12   Next: 52%
Magic:  21/21      EV: 13    Int: 15    God:    Qazlal [**....]
Gold:   853        SH: 19    Dex: 15    Spells: 23/23 levels left

rFire    x . .     SeeInvis .   s - +3 flail (drain)
rCold    . . .     Faith    .   y - +3 kite shield
rNeg     + + .     Spirit   .   X - +1 leather armour of the Tanner {*Drain rPois Str+2}
rPois    ∞         Reflect  .   (no helmet)
rElec    +         Harm     +   w - scarf {shadows}
rCorr    .         Rampage  .   G - +3 pair of gloves of the Beggar {Harm rF- rN+ Str+3}
Will     +....                  U - +0 pair of boots of Ru's Scorn {Dex+6}
Stlth    +.........             (no amulet)
HPRegen  0.22/turn              a - ring "Hoangoc" {Will+ Int+6}
MPRegen  0.17/turn              b - +4 ring of protection

@: about to teleport
A: negative energy resistance 1, electricity resistance, unbreathing,
petrification resistance, miasma immunity, AC +8
a: Renounce Religion, Upheaval


You were on level 1 of the Orcish Mines.
You worshipped Qazlal.
Qazlal was pleased with you.
You visited 2 branches of the dungeon, and saw 12 of its levels.
You also visited: Ossuary, Bailey and Gauntlet.

You collected 853 gold pieces.

Inventory:

Hand Weapons
 s - a +3 flail of draining (weapon)
Armour
 m - a +0 leather armour of fire resistance
 o - a +0 tower shield
 w - a scarf of shadows (worn)
 y - a +3 kite shield (worn)
 G - the +3 pair of gloves of the Beggar (worn) {Harm rF- rN+ Str+3}
   (You found it on level 7 of the Dungeon)

   It affects your strength (+3).
   It makes you vulnerable to fire.
   It protects you from negative energy.
   It increases damage dealt and taken.
 O - quicksilver dragon scales
 U - the +0 pair of boots of Ru's Scorn (worn) {Dex+6}
   (You found it on level 10 of the Dungeon)

   It affects your dexterity (+6).
 X - the +1 leather armour of the Tanner (worn) {*Drain rPois Str+2}
   (You found it on level 10 of the Dungeon)

   It affects your strength (+2).
   It protects you from poison.
   It causes draining when unequipped.
 Y - a +2 ring mail of fire resistance
Jewellery
 a - the ring "Hoangoc" (left hand) {Will+ Int+6}
   (You found it in a Gauntlet)

   [ring of intelligence]

   It affects your intelligence (+6).
   It affects your willpower, your defense against some magical effects.
 b - a +4 ring of protection (right hand)
 c - the ring of Cowemasa {Wiz SInv, unknown}
   (You found it in a Gauntlet)

   [ring of wizardry]

   It improves your spell success rate.
   It lets you see invisible.
 j - an uncursed amulet of guardian spirit
 x - a +6 ring of intelligence
 P - a +6 ring of dexterity
 Z - an uncursed ring of magical power
Wands
 f - a wand of enslavement (8)
 r - a wand of polymorph (10)
 J - a wand of paralysis (11)
 S - a wand of iceblast (15)
 T - a wand of acid (10)
 W - a wand of flame (20)
Scrolls
 h - 5 scrolls of teleportation
 k - a scroll of immolation
 l - 4 scrolls of fear
 u - 2 scrolls of amnesia
 E - a scroll of acquirement
 F - 2 scrolls of magic mapping
 K - 2 scrolls of silence
 L - 3 scrolls of enchant armour
 M - 2 scrolls of remove curse
 N - a scroll of torment {unknown}
 Q - a scroll of identify
 V - a scroll of blinking {unknown}
Potions
 d - 7 potions of curing
 e - 2 potions of invisibility
 g - 2 potions of ambrosia
 i - a potion of degeneration {unknown}
 n - a potion of experience {unknown}
 q - 2 potions of lignification {unknown}
 v - 3 potions of might
 z - 2 potions of brilliance {unknown}
 A - 2 potions of magic {unknown}
 B - a potion of cancellation {unknown}
 C - 4 potions of mutation
 D - a potion of berserk rage
 H - 3 potions of haste {unknown}
 R - a potion of attraction {unknown}


   Skills:
 + Level 7.5 Fighting
 + Level 10.8 Maces & Flails
 + Level 6.7 Armour
 - Level 3.6 Dodging
 + Level 11.5 Shields
 * Level 6.1 Spellcasting
 * Level 8.6 Invocations


You had 23 spell levels left.
You didn't know any spells.
Your spell library contained the following spells:

 Spells                   Type           Power        Failure   Level
 Corona                   Hex            2%           26%         1
 Shock                    Conj/Air       8%           26%         1
 Sting                    Tmut/Pois      8%           26%         1
 Ensorcelled Hibernation  Hex/Ice        4%           36%         2
 Poisonous Vapours        Pois/Air       4%           36%         2
 Swiftness                Air            2%           36%         2
 Confusing Touch          Hex            2%           58%         3
 Dazzling Flash           Conj/Hex       4%           58%         3
 Ignite Poison            Fire/Tmut/Pois 2%           58%         3
 Mephitic Cloud           Conj/Pois/Air  2%           58%         3
 Static Discharge         Conj/Air       2%           58%         3
 Tukima's Dance           Hex            2%           58%         3
 Airstrike                Air            1%           94%         4
 Olgreb's Toxic Radiance  Pois           2%           94%         4
 Lightning Bolt           Conj/Air       1%           100%        5


Dungeon Overview and Level Annotations

Branches:
Dungeon (10/15)            Temple (0/1) D:5            Lair (0/6) D:9
    Orc (2/2) D:9         Ossuary (visited)          Bailey (visited)
Gauntlet (visited)
    Elf: Orc:2

Altars:
Elyvilon
Nemelex Xobeh
Okawaru
Qazlal
Sif Muna
Uskayaw
Yredelemnul
Zin

Shops:
D:8 !   Orc:2 *


Innate Abilities, Weirdness & Mutations

You are resistant to torment.
Your stone body is resilient. (AC +8)
You are immune to poison.
You resist negative energy. (rN+)
You are resistant to electric shocks. (rElec)
You can survive without breathing.
You are immune to petrification.
You are immune to miasma.


Message History

You block the boomerang.
The weapon returns to the orc!
An orc comes into view. It is wielding a +0 mace.
The orc warrior throws a boomerang.
The boomerang barely misses you.
The weapon returns to the orc warrior!
You hear some strange, mumbled words.
A puff of frost appears from out of thin air!
The puff of frost hits you but does no damage.
The orc knight roars a battlecry!
The orcs go into a battle-frenzy!
The warg barely misses you.
The orc warrior hits you from afar with a +0 halberd.
* * * LOW HITPOINT WARNING * * *
The orc throws a boomerang.
The boomerang hits you.
* * * LOW HITPOINT WARNING * * *
The weapon returns to the orc!
As you read the scroll of teleportation, it crumbles to dust.
You feel strangely unstable. You block something's attack.
You block the warg's attack.
The orc warrior hits you from afar with a +0 halberd!
You die...

#............#
##..............o
#.....o.......o8o
##....#..........
###...#........#
##.$o.......#
#...o.o.#.#
##.##h...##
#####@...#
#....## ##.###
###


You could see an orc knight, a warg, 2 orc warriors, an orc wizard (strong) and
an orc (strong).

Vanquished Creatures
  An orc warlord (Orc:1)
  A minotaur (Gauntlet)
  The ghost of Dracia the Grappler, a journeyman TrMo (D:9)
  Harold (D:8)
  A centaur warrior (D:9)
  The ghost of Sassenached the Fighter, a novice HuWn of Okawaru (D:8)
  A queen ant (Gauntlet)
  3 two-headed ogres
  A soul eater (Gauntlet)
  An ugly thing (D:7)
  An apocalypse crab (Gauntlet)
  Maggie (D:6)
  A komodo dragon (D:9)
  3 trolls
  6 yaks (D:9)
  A wyvern (D:10)
  Menkaure (Ossuary)
  3 soldier ants (Gauntlet)
  A warg (Orc:1)
  Edmund (D:4)
  Duvessa (D:6)
  13 orc warriors
  3 sky beasts
  2 phantoms
  3 black bears
  2 ice beasts
  3 ogres
  3 centaurs
  Dowan (D:6)
  7 bullfrogs
  A water moccasin zombie (D:5)
  4 scorpions
  16 killer bees
  5 wights (D:8)
  2 howler monkeys
  A centaur zombie (D:8)
  A gnoll shaman (D:9)
  3 quasits
  5 hounds
  2 jellies
  3 bullfrog skeletons
  10 orc priests
  A centaur skeleton (D:3)
  12 orc wizards
  4 iguanas
  2 worker ants (D:8)
  A hound zombie (D:6)
  A hound skeleton (D:6)
  4 mummies
  2 worker ant zombies
  21 gnolls
  14 adders
  2 shadow imps (Gauntlet)
  2 white imps
  5 ufetubi
  An ooze (D:3)
  An adder zombie (D:5)
  An adder skeleton (D:4)
  2 worms
  2 dart slugs
  4 leopard geckos
  53 orcs
  5 giant cockroaches
  5 goblins
  23 hobgoblins
  17 jackals
  15 kobolds
  4 quokkas
  11 bats
  2 frilled lizards
  3 gnoll skeletons (Ossuary)
  4 gnoll zombies (Ossuary)
  7 goblin skeletons (Ossuary)
  2 goblin zombies (D:8)
  6 hobgoblin skeletons (Ossuary)
  4 hobgoblin zombies (Ossuary)
  2 kobold skeletons (Ossuary)
  3 kobold zombies (Ossuary)
  5 orc skeletons (Ossuary)
  6 orc zombies (Ossuary)
  7 rats
  2 rat skeletons (Ossuary)
  7 rat zombies (Ossuary)
397 creatures vanquished.

Vanquished Creatures (collateral kills)
  A howler monkey (D:9)
1 creature vanquished.

Vanquished Creatures (others)
  An orc wizard (D:8)
  A hobgoblin zombie (Ossuary)
  41 fungi
  60 plants
  4 withered plants (Gauntlet)
107 creatures vanquished.

Grand Total: 505 creatures vanquished

Notes
Turn   | Place    | Note
-------+----------+-------------------------------------------
     0 | D:1      | Hipnos the Gargoyle Fighter began the quest for the Orb.
     0 | D:1      | Reached XP level 1. HP: 14/14 MP: 1/1
   287 | D:1      | Reached XP level 2. HP: 19/19 MP: 2/2
   711 | D:1      | Reached XP level 3. HP: 23/23 MP: 3/3
  1219 | D:2      | Reached XP level 4. HP: 10/29 MP: 4/4
  1595 | D:2      | Found an iron altar of Okawaru.
  1678 | D:2      | Reached skill level 4 in Shields
  2027 | D:2      | Reached skill level 1 in Dodging
  2310 | D:3      | Found a sparkling altar of Nemelex Xobeh.
  2334 | D:3      | Reached XP level 5. HP: 31/33 MP: 5/5
  2839 | D:3      | Noticed an orc warrior
  2859 | D:3      | Killed an orc warrior
  2860 | D:3      | Reached XP level 6. HP: 12/38 MP: 6/6
  3450 | D:4      | Reached skill level 5 in Shields
  3627 | D:4      | Noticed Edmund
  3651 | D:4      | Killed Edmund
  3652 | D:4      | Reached XP level 7. HP: 32/43 MP: 7/7
  3778 | D:4      | You fall into a shaft and drop 2 floors!
  3798 | D:6      | Noticed Duvessa
  3798 | D:6      | Noticed Dowan
  3811 | D:6      | Killed Duvessa
  3818 | D:6      | Killed Dowan
  3881 | D:6      | Reached skill level 5 in Maces & Flails
  3949 | D:5      | Entered Level 5 of the Dungeon
  3968 | D:5      | Reached skill level 6 in Shields
  4002 | D:5      | Reached skill level 5 in Armour
  4061 | D:5      | Reached XP level 8. HP: 48/48 MP: 8/8
  4344 | D:4      | Found a stormy altar of Qazlal.
  4344 | D:4      | Found a basalt altar of Yredelemnul.
  4348 | D:4      | Became a worshipper of Qazlal Stormbringer
  4486 | D:4      | Found a hide-covered altar of Uskayaw.
  4505 | D:4      | Noticed a +0 dagger
  4506 | D:4      | Noticed a +0 hand axe
  4800 | D:5      | Found a staircase to the Ecumenical Temple.
  4807 | D:5      | Reached skill level 1 in Invocations
  4900 | D:5      | Reached skill level 5 in Fighting
  5242 | D:6      | Reached skill level 7 in Shields
  5291 | D:6      | Noticed Maggie
  5313 | D:6      | Killed Maggie
  5314 | D:6      | Reached XP level 9. HP: 39/54 MP: 9/11
  5937 | D:7      | Found a glowing silver altar of Zin.
  6118 | D:7      | Reached * piety under Qazlal
  6125 | D:7      | Noticed a green ugly thing
  6126 | D:7      | Found a white marble altar of Elyvilon.
  6138 | D:7      | Killed a green ugly thing
  6139 | D:7      | Reached skill level 1 in Spellcasting
  6216 | D:7      | Noticed a troll
  6217 | D:7      | Found a shimmering blue altar of Sif Muna.
  6224 | D:7      | Killed a troll
  6226 | D:7      | Found a flagged portal.
  6234 | Bailey   | Entered a bailey
  6367 | Bailey   | Reached ** piety under Qazlal
  6491 | Bailey   | Reached skill level 8 in Shields
  6637 | Bailey   | Identified a scroll of acquirement
  6932 | D:7      | Got a pair of crude gloves
  6938 | D:7      | Identified the +3 pair of gloves of the Beggar {Harm rF-
                  | rN+ Str+3} (You found it on level 7 of the Dungeon)
  7040 | D:8      | Found a transporter.
  7068 | D:8      | Noticed Harold
  7069 | D:8      | Found a sand-covered staircase.
  7090 | Ossuary  | Entered an ossuary
  7175 | Ossuary  | Reached *** piety under Qazlal
  7348 | Ossuary  | Noticed Menkaure
  7364 | Ossuary  | Killed Menkaure
  7365 | Ossuary  | Reached XP level 10. HP: 51/60 MP: 11/13
  7484 | D:8      | Killed Harold
  7485 | D:8      | Reached skill level 5 in Invocations
  7661 | D:8      | Noticed Sassenached's ghost (novice HuWn)
  7845 | D:8      | Reached skill level 9 in Shields
  7952 | D:8      | Found a transporter.
  8025 | D:8      | Found Takhoin's Distillery.
  8201 | D:8      | Killed Sassenached's ghost
  8208 | D:8      | Reached **** piety under Qazlal
  8362 | D:9      | Reached XP level 11. HP: 53/66 MP: 15/17
  8633 | D:9      | Found a staircase to the Orcish Mines.
  8645 | D:9      | Found a staircase to the Lair.
  8654 | D:9      | Noticed Dracia's ghost (journeyman TrMo)
  8654 | D:9      | Noticed a centaur warrior
  8773 | D:9      | Found a transporter.
  8773 | D:9      | Found a transporter.
  8869 | D:9      | Noticed a wizard
  8876 | D:9      | Noticed a two-headed ogre
  9219 | D:9      | Killed a centaur warrior
  9220 | D:9      | Reached skill level 10 in Shields
  9246 | D:9      | Killed Dracia's ghost
  9538 | D:10     | Entered Level 10 of the Dungeon
  9558 | D:10     | Noticed a two-headed ogre
  9581 | D:10     | Killed a two-headed ogre
  9582 | D:10     | Reached skill level 10 in Maces & Flails
  9634 | D:10     | Reached skill level 5 in Spellcasting
  9880 | D:10     | Noticed a two-headed ogre
  9891 | D:10     | Killed a two-headed ogre
 10015 | D:10     | Got a pair of heavily runed boots
 10021 | D:10     | Identified the +0 pair of boots of Ru's Scorn {Dex+6} (You
                  | found it on level 10 of the Dungeon)
 10180 | D:10     | Got a blackened leather armour
 10191 | D:10     | Identified the +1 leather armour of the Tanner {*Drain
                  | rPois Str+2} (You found it on level 10 of the Dungeon)
 10241 | Orc:1    | Entered Level 1 of the Orcish Mines
 10246 | Orc:1    | Noticed a two-headed ogre
 10257 | Orc:1    | Killed a two-headed ogre
 10258 | Orc:1    | Reached skill level 11 in Shields
 10419 | Orc:2    | Entered Level 2 of the Orcish Mines
 10437 | Orc:2    | Found Tedit's General Store.
 10520 | Orc:2    | Found a gate leading to a gauntlet.
 10528 | Gauntlet | Entered a Gauntlet
 10528 | Gauntlet | Found a transporter.
 10538 | Gauntlet | Noticed a queen ant
 10590 | Gauntlet | Noticed a worldbinder
 10601 | Gauntlet | Noticed a soul eater
 10606 | Gauntlet | Found a transporter.
 10622 | Gauntlet | Found a transporter.
 10627 | Gauntlet | Found a transporter.
 10642 | Gauntlet | Found a transporter.
 10661 | Gauntlet | Found a transporter.
 10668 | Gauntlet | Noticed a fire crab
 10676 | Gauntlet | Found a transporter.
 10680 | Gauntlet | Noticed a catoblepas
 10682 | Gauntlet | Found a transporter.
 10699 | Gauntlet | Found a transporter.
 10702 | Gauntlet | Noticed a wretched star
 10705 | Gauntlet | Found a transporter.
 10721 | Gauntlet | Noticed a death ooze
 10722 | Gauntlet | Found a transporter.
 10745 | Gauntlet | Found a transporter.
 10746 | Gauntlet | Noticed a hell beast
 10774 | Gauntlet | Found a transporter.
 10790 | Gauntlet | Found a transporter.
 10792 | Gauntlet | Found a transporter.
 10818 | Gauntlet | Found a transporter.
 10839 | Gauntlet | Found a transporter.
 10853 | Gauntlet | Reached XP level 12. HP: 72/72 MP: 15/20
 10861 | Gauntlet | Killed a queen ant
 10942 | Gauntlet | Killed a soul eater
 11210 | Gauntlet | Got a glittering golden ring
 11213 | Gauntlet | Identified the ring "Hoangoc" {Will+ Int+6} (You found it
                  | in a Gauntlet)
 11347 | Gauntlet | Noticed a minotaur
 11659 | Gauntlet | Killed a minotaur
 11836 | Gauntlet | Got an ancient bone ring
 12037 | Orc:1    | Noticed an orc warlord
 12066 | Orc:1    | Killed an orc warlord
 12124 | Orc:1    | Slain by an orc warrior

Illustrated notes

Levels and vault maps discovered:
D:1:      ebering_trefoil_3fold, layout_basic
D:2:      layout_rooms, okawaru_trees_1
D:3:      layout_basic, nemelex_altar_shiori
D:4:      layout_rooms, gammafunk_temple_overflow_wave, dancing_weapons_uskayaw,
          dk_noncrumbling_2, uniq_edmund
D:5:      minmay_general_purpose_star, layout_cave_pools,
          minmay_temple_entry_hall, kennysheep_generic_room_12
D:6:      layout_loops_ring, nrook_loot_triangle,
          hangedman_decor_clover_reticule, uniq_duvessa, uniq_maggie
D:7:      layout_loops_ring, nicolae_overflow_crystal_walls, enter_bailey_1,
          hangedman_feature_mirror
D:8:      layout_gridville, gammafunk_ghost_stat_death,
          nicolae_ossuary_entry_giza, serial_shops, shop_coins, uniq_harold
D:9:      layout_basic, due_lair_maze_entry_diamond, david_orc_3,
          gammafunk_ghost_arena, onia_ninara_dug_in_and_dangerous
D:10:     layout_cave_pools
Orc:1:    layout_diamond_mine, nicolae_orc_sculptors_studio
Orc:2:    st_orc_pillars, layout_diamond_mine, serial_shops, shop,
          gauntlet_entry_generic, uniq_rupert

Skill      XL: |  1  2  3  4  5  6  7  8  9 10 11 12 |
---------------+-------------------------------------+-----
Shields        | 4 5 6 7 8 9 11 | 11.5
Dodging        | 1 2 3 |  3.6
Armour         | 4 5 6 |  6.7
Maces & Flails | 3 4 5 6 8 9 10 | 10.8
Fighting       | 4 5 6 7 |  7.5
Invocations    | 3 4 5 7 8 |  8.6
Spellcasting   | 2 4 5 6 |  6.1

Action                   |  1- 3 |  4- 6 |  7- 9 | 10-12 || total
-------------------------+-------+-------+-------+-------++-------
Melee: Flail             |   136 |   358 |   482 |   462 ||  1438
Invok: Upheaval          |       |       |       |    28 ||    28
       Elemental Force   |       |       |       |     1 ||     1
  Use: Potion            |     1 |     2 |       |    13 ||    16
       Scroll            |     5 |     3 |     5 |     6 ||    19
Armor: Scale mail        |    98 |   380 |   162 |    14 ||   654
       Quicksilver drago |       |       |       |   109 ||   109
       Leather armour    |       |       |       |    38 ||    38
Dodge: Dodged            |    63 |   142 |   106 |   171 ||   482
Block: Kite shield       |    96 |     9 |   338 |   497 ||   940
       Tower shield      |       |   549 |    75 |    65 ||   689

Table legend: (Time is in decaauts)
 A = Elapsed time spent in this place.
 B = Non-inter-level travel time spent in this place.
 C = Inter-level travel time spent in this place.
 D = Time resting spent in this place.
 E = Time spent auto-exploring this place.
 F = Levels seen in this place.
 G = Mean time per level.
                   A        B        C        D        E       F      G
               +--------+--------+--------+--------+--------+-----+--------+
         Total |  12371 |  12158 |    213 |   1309 |   7037 |  15 |  824.7 |
       Dungeon |   9687 |   9488 |    199 |    837 |   5788 |  10 |  968.7 |
  Orcish Mines |    483 |    470 |     13 |     83 |    138 |   2 |  241.5 |
       Ossuary |    366 |    366 |      0 |      0 |    132 |   1 |  366.0 |
        Bailey |    444 |    444 |      0 |     23 |    245 |   1 |  444.0 |
      Gauntlet |   1388 |   1388 |      0 |    366 |    734 |   1 | 1388.0 |
               +--------+--------+--------+--------+--------+-----+--------+

Top non-repeatable levels by time:
     D:2: 1583 daAuts
     D:9: 1437 daAuts
Gauntlet: 1388 daAuts
     D:3: 1234 daAuts
     D:6: 878 daAuts
     D:8: 870 daAuts
     D:5: 826 daAuts
     D:4: 826 daAuts
     D:1: 799 daAuts
     D:7: 704 daAuts
    D:10: 526 daAuts
  Bailey: 444 daAuts
 Ossuary: 366 daAuts
   Orc:1: 356 daAuts
   Orc:2: 127 daAuts
